[ AOE2 MATCH · #513659858 ]
UnrankedCiv #60 vs Civ #60
Player's team · LOSS
Rival team · WIN
[ REPLAY ANALYSIS · EXTRACTED FROM THE RECORDED GAME ]
Feudal
12:37
Castle
30:05
Imperial
—
| APM avg | 63.8 |
| APM peak | 100 |
| eAPM avg | 26.7 |
| Villagers / military | 91 / 65 |
Focus
⚔️ 48.8% · 🌾 51.2%
Archer ×31 · Unknown (2705) ×20 · Ballestero montado ×17 · Skirmisher ×9 · Militia ×7 · Mangonel ×1
Feudal
13:45
Castle
29:38
Imperial
—
| APM avg | 72.1 |
| APM peak | 117 |
| eAPM avg | 35.4 |
| Villagers / military | 157 / 140 |
Focus
⚔️ 50.2% · 🌾 49.8%
Skirmisher ×55 · Archer ×43 · Scout Cavalry ×14 · Militia ×13 · Knight ×12 · Ballestero montado ×3
Match map
Initial resources + every placement click. Lines = walls · curves = elevation contours. ◆ gold · ⬟ stone · ● berries · ✦ relic · ◌ wall gap
Your base· Open — unwalled flank
OS+ | NeoZz's base· Open — 3t gap
Smoothed initial terrain · ◌ = detected wall gap · hover for details
Inputs per minute
— DS_Champi WarrioR - - OS+ | NeoZz
Build order — DS_Champi WarrioR
First 150 of 303 actions detected
| 0:01 | Queue | Villager (Male) |
| 0:01 | Queue | Villager (Male) |
| 0:01 | Queue | Villager (Male) |
| 0:02 | Queue | Villager (Male) |
| 0:02 | Queue | Villager (Male) |
| 0:02 | Build | House |
| 0:03 | Build | House |
| 1:25 | Queue | Villager (Male) |
| 1:26 | Queue | Villager (Male) |
| 1:57 | Queue | Villager (Male) |
| 1:57 | Queue | Villager (Male) |
| 2:26 | Queue | Villager (Male) |
| 2:26 | Queue | Villager (Male) |
| 2:59 | Queue | Villager (Male) |
| 3:04 | Queue | Villager (Male) |
| 3:04 | Queue | Villager (Male) |
| 3:04 | Queue | Villager (Male) |
| 3:22 | Build | Barracks |
| 3:29 | Build | House |
| 3:44 | Queue | Villager (Male) |
| 4:06 | Queue | Villager (Male) |
| 4:25 | Build | Palisade Wall |
| 4:25 | Build | Palisade Wall |
| 4:26 | Queue | Militia |
| 4:26 | Queue | Militia |
| 4:34 | Queue | Villager (Male) |
| 4:42 | Queue | Militia |
| 4:44 | Build | House |
| 4:48 | Build | Palisade Wall |
| 4:48 | Build | Palisade Wall |
| 4:49 | Build | Palisade Wall |
| 4:50 | Build | Palisade Wall |
| 4:50 | Build | Palisade Wall |
| 4:50 | Build | Palisade Wall |
| 4:51 | Build | Palisade Wall |
| 4:51 | Build | Palisade Wall |
| 4:51 | Build | Palisade Wall |
| 4:51 | Build | Palisade Wall |
| 4:52 | Build | Palisade Wall |
| 4:59 | Queue | Villager (Male) |
| 5:20 | Queue | Militia |
| 5:23 | Queue | Villager (Male) |
| 5:23 | Queue | Villager (Male) |
| 5:29 | Build | Palisade Wall |
| 5:39 | Queue | Villager (Male) |
| 6:12 | Queue | Villager (Male) |
| 6:12 | Queue | Villager (Male) |
| 6:47 | Queue | Villager (Male) |
| 7:03 | Queue | Villager (Male) |
| 7:28 | Queue | Villager (Male) |
| 7:39 | Build | House |
| 7:41 | Build | House |
| 7:58 | Research | Loom |
| 7:58 | Research | Loom |
| 8:02 | Build | Mill |
| 8:14 | Queue | Villager (Male) |
| 8:27 | Build | Palisade Wall |
| 8:27 | Build | Palisade Wall |
| 8:28 | Build | Palisade Wall |
| 8:29 | Build | Palisade Wall |
| 8:33 | Queue | Villager (Male) |
| 8:36 | Build | Lumber Camp |
| 8:59 | Queue | Villager (Male) |
| 9:19 | Build | Palisade Wall |
| 9:20 | Build | Palisade Wall |
| 9:23 | Queue | Villager (Male) |
| 9:25 | Build | Palisade Wall |
| 9:25 | Build | Palisade Wall |
| 9:25 | Build | Palisade Wall |
| 9:26 | Build | Palisade Wall |
| 9:26 | Build | Palisade Wall |
| 9:26 | Build | Palisade Wall |
| 9:32 | Build | House |
| 9:50 | Queue | Villager (Male) |
| 9:54 | Build | Mill |
| 10:21 | Research | Feudal Age |
| 10:21 | Research | Feudal Age |
| 10:30 | Build | Palisade Wall |
| 10:44 | Build | Palisade Wall |
| 10:58 | Build | Palisade Wall |
| 11:18 | Queue | Militia |
| 11:21 | Build | House |
| 11:27 | Build | Mining Camp |
| 11:42 | Build | Palisade Wall |
| 11:44 | Build | Palisade Wall |
| 11:46 | Build | Palisade Wall |
| 11:52 | Build | Palisade Wall |
| 12:06 | Build | Palisade Wall |
| 12:13 | Queue | Militia |
| 12:13 | Queue | Villager (Male) |
| 12:37 | Age | Feudal Age |
| 12:39 | Research | Man-at-Arms (upgrade) |
| 12:41 | Build | Watch Tower |
| 12:42 | Queue | Villager (Male) |
| 13:10 | Build | Archery Range |
| 13:15 | Queue | Militia |
| 13:27 | Queue | Villager (Male) |
| 13:34 | Build | Palisade Wall |
| 13:34 | Build | Palisade Wall |
| 13:35 | Build | Palisade Wall |
| 13:35 | Build | Palisade Wall |
| 13:36 | Build | Palisade Wall |
| 13:38 | Queue | Villager (Male) |
| 13:57 | Queue | Archer |
| 14:00 | Build | House |
| 14:02 | Research | Double-Bit Axe |
| 14:02 | Research | Double-Bit Axe |
| 14:08 | Queue | Villager (Male) |
| 14:26 | Queue | Archer |
| 14:27 | Queue | Villager (Male) |
| 14:31 | Build | House |
| 14:42 | Build | Palisade Wall |
| 14:45 | Build | Palisade Wall |
| 14:52 | Queue | Villager (Male) |
| 15:10 | Queue | Villager (Male) |
| 15:12 | Build | Blacksmith |
| 15:22 | Queue | Archer |
| 15:29 | Queue | Villager (Male) |
| 15:58 | Queue | Archer |
| 16:02 | Build | House |
| 16:03 | Research | Fletching |
| 16:09 | Build | Palisade Wall |
| 16:16 | Queue | Villager (Male) |
| 16:24 | Build | Farm |
| 16:24 | Build | Farm |
| 16:26 | Build | Farm |
| 16:34 | Queue | Archer |
| 16:39 | Build | Watch Tower |
| 16:41 | Queue | Archer |
| 16:44 | Queue | Villager (Male) |
| 16:48 | Build | Mining Camp |
| 16:50 | Build | Farm |
| 16:59 | Queue | Archer |
| 16:59 | Queue | Archer |
| 17:01 | Queue | Villager (Male) |
| 17:08 | Build | Farm |
| 17:10 | Build | Farm |
| 17:52 | Queue | Villager (Male) |
| 17:55 | Build | Archery Range |
| 18:14 | Queue | Villager (Male) |
| 18:16 | Queue | Archer |
| 18:35 | Queue | Villager (Male) |
| 18:37 | Build | Palisade Wall |
| 18:49 | Build | Farm |
| 18:58 | Build | House |
| 19:08 | Queue | Archer |
| 19:10 | Build | House |
| 19:17 | Queue | Skirmisher |
| 19:23 | Build | Farm |
| 19:29 | Queue | Villager (Male) |
Build order — OS+ | NeoZz
First 150 of 480 actions detected
| 0:00 | Queue | Villager (Male) |
| 0:00 | Queue | Villager (Male) |
| 0:01 | Queue | Villager (Male) |
| 0:02 | Build | House |
| 0:03 | Build | House |
| 0:12 | Queue | Villager (Male) |
| 1:30 | Queue | Villager (Male) |
| 1:30 | Queue | Villager (Male) |
| 1:50 | Queue | Villager (Male) |
| 2:20 | Queue | Villager (Male) |
| 2:42 | Build | Barracks |
| 2:53 | Queue | Villager (Male) |
| 2:53 | Queue | Villager (Male) |
| 3:09 | Build | House |
| 3:16 | Queue | Villager (Male) |
| 3:16 | Queue | Villager (Male) |
| 3:17 | Queue | Villager (Male) |
| 3:45 | Queue | Villager (Male) |
| 3:46 | Queue | Villager (Male) |
| 4:10 | Queue | Villager (Male) |
| 4:22 | Queue | Militia |
| 4:30 | Queue | Militia |
| 4:34 | Queue | Villager (Male) |
| 4:59 | Queue | Villager (Male) |
| 5:02 | Build | House |
| 5:09 | Queue | Militia |
| 5:09 | Queue | Militia |
| 5:20 | Queue | Villager (Male) |
| 5:20 | Queue | Villager (Male) |
| 5:43 | Queue | Villager (Male) |
| 5:54 | Build | Mill |
| 6:05 | Queue | Villager (Male) |
| 6:18 | Queue | Villager (Male) |
| 6:44 | Queue | Villager (Male) |
| 6:53 | Queue | Villager (Male) |
| 7:04 | Research | Loom |
| 7:06 | Queue | Villager (Male) |
| 7:11 | Queue | Villager (Male) |
| 7:15 | Queue | Villager (Male) |
| 7:28 | Queue | Villager (Male) |
| 7:36 | Build | House |
| 7:40 | Build | House |
| 7:57 | Build | Lumber Camp |
| 8:01 | Queue | Villager (Male) |
| 8:07 | Queue | Militia |
| 8:18 | Queue | Villager (Male) |
| 8:28 | Queue | Villager (Male) |
| 8:34 | Queue | Villager (Male) |
| 9:16 | Queue | Villager (Male) |
| 9:23 | Build | House |
| 9:57 | Queue | Villager (Male) |
| 10:06 | Build | Lumber Camp |
| 10:17 | Queue | Villager (Male) |
| 10:20 | Build | Palisade Wall |
| 10:23 | Build | Palisade Wall |
| 10:24 | Build | Palisade Wall |
| 10:25 | Build | Palisade Wall |
| 10:32 | Queue | Villager (Male) |
| 10:45 | Queue | Villager (Male) |
| 11:04 | Build | Farm |
| 11:07 | Build | Farm |
| 11:08 | Build | Mill |
| 11:15 | Build | Farm |
| 11:24 | Queue | Villager (Male) |
| 11:25 | Build | Farm |
| 11:32 | Research | Feudal Age |
| 11:32 | Research | Feudal Age |
| 11:34 | Build | Farm |
| 11:40 | Build | Farm |
| 12:02 | Build | Mining Camp |
| 12:15 | Queue | Militia |
| 12:15 | Queue | Militia |
| 12:16 | Queue | Militia |
| 12:22 | Build | House |
| 12:30 | Build | Farm |
| 12:36 | Queue | Militia |
| 12:36 | Queue | Militia |
| 12:42 | Queue | Villager (Male) |
| 12:52 | Build | Farm |
| 12:54 | Queue | Militia |
| 12:57 | Build | House |
| 12:58 | Build | House |
| 13:02 | Build | Palisade Wall |
| 13:03 | Build | Palisade Wall |
| 13:10 | Build | House |
| 13:10 | Queue | Villager (Male) |
| 13:29 | Queue | Militia |
| 13:45 | Age | Feudal Age |
| 13:48 | Queue | Militia |
| 13:53 | Queue | Villager (Male) |
| 13:55 | Build | Archery Range |
| 13:58 | Build | Watch Tower |
| 14:02 | Build | Farm |
| 14:06 | Build | Watch Tower |
| 14:16 | Build | Watch Tower |
| 14:25 | Build | Archery Range |
| 14:25 | Research | Double-Bit Axe |
| 14:25 | Research | Double-Bit Axe |
| 14:41 | Research | Man-at-Arms (upgrade) |
| 14:48 | Build | Farm |
| 14:49 | Queue | Villager (Male) |
| 14:49 | Queue | Villager (Male) |
| 14:54 | Queue | Villager (Male) |
| 15:19 | Queue | Villager (Male) |
| 15:19 | Queue | Villager (Male) |
| 15:22 | Queue | Villager (Male) |
| 15:23 | Queue | Villager (Male) |
| 15:25 | Queue | Archer |
| 15:32 | Build | Archery Range |
| 15:37 | Build | House |
| 15:46 | Queue | Villager (Male) |
| 15:58 | Build | Farm |
| 16:00 | Queue | Skirmisher |
| 16:01 | Queue | Villager (Male) |
| 16:11 | Queue | Villager (Male) |
| 16:17 | Build | Blacksmith |
| 16:26 | Queue | Archer |
| 16:33 | Queue | Archer |
| 16:34 | Queue | Archer |
| 16:34 | Queue | Skirmisher |
| 16:49 | Queue | Villager (Male) |
| 16:56 | Research | Double-Bit Axe |
| 16:59 | Queue | Villager (Male) |
| 17:08 | Queue | Archer |
| 17:08 | Queue | Archer |
| 17:16 | Research | Fletching |
| 17:22 | Queue | Villager (Male) |
| 17:22 | Queue | Villager (Male) |
| 17:26 | Queue | Villager (Male) |
| 17:27 | Queue | Villager (Male) |
| 17:28 | Build | Mining Camp |
| 17:29 | Queue | Archer |
| 17:36 | Research | Padded Archer Armor |
| 17:55 | Build | Lumber Camp |
| 17:56 | Queue | Archer |
| 17:57 | Queue | Archer |
| 17:57 | Queue | Villager (Male) |
| 17:58 | Queue | Villager (Male) |
| 18:12 | Queue | Archer |
| 18:18 | Queue | Villager (Male) |
| 18:18 | Queue | Villager (Male) |
| 18:19 | Queue | Villager (Male) |
| 18:24 | Build | Outpost |
| 18:37 | Queue | Archer |
| 18:38 | Queue | Archer |
| 18:44 | Queue | Skirmisher |
| 18:44 | Queue | Skirmisher |
| 18:48 | Queue | Villager (Male) |
| 18:49 | Queue | Villager (Male) |
| 19:00 | Queue | Skirmisher |
Match timeline
| 2:42 | OS+ | NeoZz · first_building Barracks |
| 3:22 | DS_Champi WarrioR · first_building Barracks |
| 4:25 | DS_Champi WarrioR · wall_segment Palisade Wall x1 |
| 4:25 | DS_Champi WarrioR · wall_segment Palisade Wall x1 |
| 4:48 | DS_Champi WarrioR · wall_segment Palisade Wall x2 |
| 4:48 | DS_Champi WarrioR · wall_segment Palisade Wall x1 |
| 4:49 | DS_Champi WarrioR · wall_segment Palisade Wall x1 |
| 4:50 | DS_Champi WarrioR · wall_segment Palisade Wall x1 |
| 4:50 | DS_Champi WarrioR · wall_segment Palisade Wall x2 |
| 4:50 | DS_Champi WarrioR · wall_segment Palisade Wall x1 |
| 4:51 | DS_Champi WarrioR · wall_segment Palisade Wall x1 |
| 4:51 | DS_Champi WarrioR · wall_segment Palisade Wall x1 |
| 4:51 | DS_Champi WarrioR · wall_segment Palisade Wall x1 |
| 4:51 | DS_Champi WarrioR · wall_segment Palisade Wall x2 |
| 4:52 | DS_Champi WarrioR · wall_segment Palisade Wall x1 |
| 5:29 | DS_Champi WarrioR · wall_segment Palisade Wall x1 |
| 8:27 | DS_Champi WarrioR · wall_segment Palisade Wall x1 |
| 8:27 | DS_Champi WarrioR · wall_segment Palisade Wall x1 |
| 8:28 | DS_Champi WarrioR · wall_segment Palisade Wall x1 |
| 8:29 | DS_Champi WarrioR · wall_segment Palisade Wall x1 |
| 9:19 | DS_Champi WarrioR · wall_segment Palisade Wall x1 |
| 9:20 | DS_Champi WarrioR · wall_segment Palisade Wall x1 |
| 9:25 | DS_Champi WarrioR · wall_segment Palisade Wall x1 |
| 9:25 | DS_Champi WarrioR · wall_segment Palisade Wall x1 |
| 9:25 | DS_Champi WarrioR · wall_segment Palisade Wall x1 |
| 9:26 | DS_Champi WarrioR · wall_segment Palisade Wall x1 |
| 9:26 | DS_Champi WarrioR · wall_segment Palisade Wall x1 |
| 9:26 | DS_Champi WarrioR · wall_segment Palisade Wall x1 |
| 10:20 | OS+ | NeoZz · wall_segment Palisade Wall x1 |
| 10:23 | OS+ | NeoZz · wall_segment Palisade Wall x1 |
| 10:24 | OS+ | NeoZz · wall_segment Palisade Wall x1 |
| 10:25 | OS+ | NeoZz · wall_segment Palisade Wall x1 |
| 10:30 | DS_Champi WarrioR · wall_segment Palisade Wall x2 |
| 10:44 | DS_Champi WarrioR · wall_segment Palisade Wall x1 |
| 10:58 | DS_Champi WarrioR · wall_segment Palisade Wall x1 |
| 11:42 | DS_Champi WarrioR · wall_segment Palisade Wall x1 |
| 11:44 | DS_Champi WarrioR · wall_segment Palisade Wall x1 |
| 11:46 | DS_Champi WarrioR · wall_segment Palisade Wall x1 |
| 11:52 | DS_Champi WarrioR · wall_segment Palisade Wall x2 |
| 12:06 | DS_Champi WarrioR · wall_segment Palisade Wall x1 |
| 12:37 | DS_Champi WarrioR · age_up feudal |
| 13:02 | OS+ | NeoZz · wall_segment Palisade Wall x1 |
| 13:03 | OS+ | NeoZz · wall_segment Palisade Wall x1 |
| 13:10 | DS_Champi WarrioR · first_building Archery Range |
| 13:34 | DS_Champi WarrioR · wall_segment Palisade Wall x1 |
| 13:34 | DS_Champi WarrioR · wall_segment Palisade Wall x1 |
| 13:35 | DS_Champi WarrioR · wall_segment Palisade Wall x1 |
| 13:35 | DS_Champi WarrioR · wall_segment Palisade Wall x1 |
| 13:36 | DS_Champi WarrioR · wall_segment Palisade Wall x1 |
| 13:45 | OS+ | NeoZz · age_up feudal |
| 13:55 | OS+ | NeoZz · first_building Archery Range |
| 14:42 | DS_Champi WarrioR · wall_segment Palisade Wall x1 |
| 14:45 | DS_Champi WarrioR · wall_segment Palisade Wall x1 |
| 16:09 | DS_Champi WarrioR · wall_segment Palisade Wall x2 |
| 18:37 | DS_Champi WarrioR · wall_segment Palisade Wall x1 |
| 21:20 | OS+ | NeoZz · first_building Stable |
| 21:54 | DS_Champi WarrioR · wall_segment Palisade Wall x1 |
| 23:34 | DS_Champi WarrioR · first_market_buy 100 stone |
| 26:24 | OS+ | NeoZz · wall_segment Stone Wall x9 |
| 26:27 | OS+ | NeoZz · wall_segment Stone Wall x8 |
| 26:50 | OS+ | NeoZz · first_market_buy 100 food |
| 27:07 | DS_Champi WarrioR · first_market_sell 100 wood |
| 27:53 | DS_Champi WarrioR · wall_segment Palisade Wall x1 |
| 29:22 | OS+ | NeoZz · wall_segment Stone Wall x1 |
| 29:38 | OS+ | NeoZz · age_up castle |
| 30:00 | OS+ | NeoZz · first_market_sell 100 food |
| 30:05 | DS_Champi WarrioR · age_up castle |
| 34:42 | DS_Champi WarrioR · first_building Castle |
| 35:12 | DS_Champi WarrioR · first_building Siege Workshop |
| 37:05 | OS+ | NeoZz · first_building Siege Workshop |
| 40:27 | DS_Champi WarrioR · resign |
[ AI ANALYSIS · 1 CREDIT ]
What really happened in this match?
Wolo.gg analyzes every decision: build order, eco, micro, common mistakes by bracket. Personalized analysis on WhatsApp or Discord in 30 seconds.
Civ guide
Civ #60
Perfil
Jugador #4358030